 Dungeon Crawl Stone Soup version 0.29.1-2-gbd0b4ee654 (webtiles) character file.

Game seed: 6592484260111878467

693 fleeber the Digger (level 7, 0/36 HPs)
             Began as a Gargoyle Earth Elementalist on Nov 8, 2022.
             Slain by an adder (2 damage)
             ... on level 4 of the Dungeon.
             The game lasted 00:13:11 (3759 turns).

fleeber the Digger (Gargoyle Earth Elementalist)    Turns: 3759, Time: 00:13:12

Health: 0/36       AC:  6    Str: 11    XL:     7   Next: 64%
Magic:  14/24      EV: 11    Int: 18    God:
Gold:   216        SH:  0    Dex: 10    Spells: 16/17 levels left

rFire   . . .      SeeInvis .   n - +0 flail
rCold   + . .      Faith    .   (no shield)
rNeg    + . .      Spirit   .   a - +0 robe
rPois   ∞          Reflect  .   (no helmet)
rElec   +          Harm     .   (no cloak)
rCorr   .          Rampage  .   (no gloves)
Will    +....                   (no boots)
Stlth   ++........              (no amulet)
HPRegen 0.12/turn               c - ring of protection from cold
MPRegen 0.19/turn               r - ring "Zozxyiliym" {Will+ MP+9 Slay+2}

@: no status effects
A: sickness immunity, AC +4, negative energy resistance 1, electricity
resistance, torment resistance 1, petrification resistance
a: no special abilities


You were on level 4 of the Dungeon.
You visited 1 branch of the dungeon, and saw 4 of its levels.

You collected 216 gold pieces.

Inventory:

Hand Weapons
 n - a +0 flail (weapon)
Armour
 a - a +0 robe (worn)
Jewellery
 c - a ring of protection from cold (left hand)
 o - a ring of poison resistance
 r - the ring "Zozxyiliym" (right hand) {Will+ MP+9 Slay+2}
   (You found it on level 4 of the Dungeon)

   [ring of magical power]

   Slay:      It affects your accuracy & damage with ranged weapons and melee
   (+2).
   MP:        It affects your magic capacity (+9).
   Will:      It increases your willpower.
Wands
 k - a wand of mindburst (14)
Scrolls
 f - a scroll of poison {unknown}
 g - 3 scrolls of teleportation {unknown}
 h - 4 scrolls of identify {unknown}
 p - a scroll of fear {unknown}
 q - a scroll of immolation {unknown}
Potions
 b - 2 potions of magic
 d - a potion of haste {unknown}
 e - a potion of curing {unknown}
 i - 2 potions of lignification {unknown}
 j - 2 potions of heal wounds {unknown}
 l - a potion of degeneration {unknown}
 m - a potion of ambrosia {unknown}


   Skills:
 - Level 1.5 Dodging
 - Level 2.1 Stealth
 + Level 5.5 Spellcasting
 - Level 0.7 Transmutations
 + Level 7.8 Earth Magic


You had 16 spell levels left.
You knew the following spells:

 Your Spells              Type           Power      Damage    Failure   Level
a - Sandblast             Erth           66%        2d15      1%          1

Your spell library contained the following spells:

 Spells                   Type           Power      Damage    Failure   Level
 Passwall                 Tmut/Erth      16%        N/A       3%          2
 Stone Arrow              Conj/Erth      38%        3d9       8%          3
 Foxfire                  Conj/Fire      20%        2x1d5     13%         1
 Ensorcelled Hibernation  Hex/Ice        10%        N/A       19%         2
 Static Discharge         Conj/Air       5%         3-4/arc   19%         2
 Petrify                  Tmut/Erth      20%        N/A       22%         4
 Conjure Flame            Conj/Fire      5%         6-21      36%         3
 Dazzling Flash           Conj/Hex       10%        N/A       36%         3
 Inner Flame              Hex/Fire       5%         N/A       36%         3
 Swiftness                Air            5%         N/A       36%         3
 Cause Fear               Hex            2%         N/A       77%         4
 Flame Wave               Conj/Fire      5%         2d5       77%         4
 Iskenderun's Mystic Bla  Conj/Tloc      5%         2d3       77%         4
 Lightning Bolt           Conj/Air       2%         1d14      98%         5
 Starburst                Conj/Fire      2%         6d3       100%        6
 Dragon Form              Tmut           3%         N/A       100%        7
 Maxwell's Capacitive Co  Air            2%         ∞         100%        8
 Dragon's Call            Summ           2%         N/A       100%        9


Dungeon Overview and Level Annotations

Branches:
Dungeon (4/15)
 Temple: D:4-7

Altars:
Dithmenos
Ru

Shops:
D:1 *[*(   D:3 [


Innate Abilities, Weirdness & Mutations

You are immune to sickness and miasma.
Your stone body is resilient. (AC +4)
You are immune to poison.
You resist negative energy. (rN+)
You are resistant to electric shocks. (rElec)
You are resistant to unholy torment.
You are immune to petrification.


Message History

The hornet barely misses you. The hornet closely misses you.
The hornet stings you.
Casting: Sandblast (safe; 1% risk of failure)
Confirm with . or Enter, or press ? or * to list all spells.
Aiming: Sandblast (safe; 1% risk of failure)
Press: ? - help, Shift-Dir - straight line, f/p - hornet
Aim: a hornet (76% to hit)
The blast of sand hits the hornet!
The hornet is heavily wounded.
You are engulfed in a cloud of scalding steam.
* * * LOW HITPOINT WARNING * * *
The hornet stings you but does no damage.
The steam dragon misses you. The steam dragon barely misses you.
The hornet stings you!
* * * LOW HITPOINT WARNING * * *
The steam dragon barely misses you.
The steam dragon claws you but does no damage.
Casting: Sandblast (safe; 1% risk of failure)
Confirm with . or Enter, or press ? or * to list all spells.
Aiming: Sandblast (safe; 1% risk of failure)
Press: ? - help, Shift-Dir - straight line, f/p - hornet
Aim: a hornet (steam, heavily wounded, 76% to hit)
The blast of sand hits the hornet!
The hornet is almost dead.
The hornet is engulfed in a cloud of scalding steam.
The hornet closely misses you.
The steam dragon bites you but does no damage.
The steam dragon claws you but does no damage.
The hornet is engulfed in a cloud of scalding steam.
The hornet dies!
The adder barely misses you.
Casting: Sandblast (safe; 1% risk of failure)
Confirm with . or Enter, or press ? or * to list all spells.
Aiming: Sandblast (safe; 1% risk of failure)
Press: ? - help, Shift-Dir - straight line, f - steam dragon
Aim: a steam dragon (84% to hit)
The blast of sand hits the steam dragon!
The steam dragon is severely wounded.
The adder bites you.
You die...

.......)..............#.##.#
........................##..
........#####..#.......####.
..(....## ##.#.##.........
#......## #........######
##.......#####....##.#†.~~~.
#...................#..~...~
..###.###.S####..#.#...~._.~
#...#D@# ##.#..#.†~...~ ##.
##).# #.#...#..~~~. #.
†#..##.#....###### #[ :#
#..#............ #S .#
#.#.#### ###### . .# .### ..
# .#


You could see a steam dragon and an adder.

Vanquished Creatures
  Grinder (D:4)
  A water moccasin (D:4)
  A hound (D:4)
  An iguana (D:4)
  8 adders
  A worm (D:2)
  6 dart slugs
  2 orcs (D:3)
  6 bats
  5 endoplasms
  3 giant cockroaches
  5 goblins
  7 hobgoblins
  4 quokkas
  6 ball pythons
  9 frilled lizards
  9 kobolds
  11 rats
86 creatures vanquished.

Vanquished Creatures (others)
  A hornet (D:4)
1 creature vanquished.

Grand Total: 87 creatures vanquished

Notes
Turn   | Place    | Note
-------+----------+-------------------------------------------
     0 | D:1      | fleeber the Gargoyle Earth Elementalist began the quest for
                  | the Orb.
     0 | D:1      | Reached XP level 1. HP: 10/10 MP: 3/3
    53 | D:1      | Found Biupos's Armour Shop.
    84 | D:1      | Found Ribanele's General Store.
   109 | D:1      | Found Roecacaf's Weapon Shop.
   387 | D:1      | Reached skill level 4 in Earth Magic
   387 | D:1      | Reached XP level 2. HP: 15/15 MP: 0/5
   779 | D:1      | Found Beluf's General Store.
   832 | D:1      | Reached XP level 3. HP: 19/19 MP: 1/7
   993 | D:1      | Found a faded altar of an unknown god.
  1331 | D:2      | Reached XP level 4. HP: 23/24 MP: 1/8
  1676 | D:2      | Reached skill level 5 in Earth Magic
  2435 | D:3      | Reached XP level 5. HP: 28/28 MP: 8/10
  2898 | D:3      | Found Napp's Armour Boutique.
  3304 | D:4      | Noticed Grinder
  3315 | D:4      | Paralysed by Grinder for 2 turns
  3323 | D:4      | Killed Grinder
  3324 | D:4      | Reached skill level 6 in Earth Magic
  3324 | D:4      | Reached XP level 6. HP: 20/32 MP: 4/12
  3536 | D:4      | Found a sacrificial altar of Ru.
  3595 | D:4      | Found a shadowy altar of Dithmenos.
  3606 | D:4      | Noticed a water moccasin
  3611 | D:4      | Killed a water moccasin
  3612 | D:4      | Reached skill level 7 in Earth Magic
  3612 | D:4      | Reached XP level 7. HP: 36/36 MP: 9/14
  3639 | D:4      | Reached skill level 5 in Spellcasting
  3684 | D:4      | Identified the ring "Zozxyiliym" {Will+ MP+9 Slay+2}
  3749 | D:4      | Noticed a hornet
  3753 | D:4      | Noticed a steam dragon
  3757 | D:4      | HP: 1/36 [hornet (9)]
  3758 | D:4      | Killed a hornet
  3759 | D:4      | Slain by an adder

Illustrated notes

Levels and vault maps discovered:
D:1:      dpeg_arrival_arbitrary_c, layout_rooms, serial_shops, shop, shop,
          shop, shop, hellmonk_ecumenical_altar_defaced_shrine
D:2:      layout_basic, minmay_tetromino_o4
D:3:      layout_loops_cross, serial_shops, nicolae_shop_hallway_stairs,
          kennysheep_small_spiral
D:4:      layout_rooms, nicolae_ru_awakened_eye,
          grunt_dithmenos_smoke_and_mirrors, serial_rivers,
          chequers_serial_rivers_marsh, chequers_serial_rivers_marsh,
          chequers_serial_rivers_marsh, chequers_serial_rivers_micro_b,
          glass_columns_b, minmay_manual_mail, uniq_grinder

Skill      XL: |  1  2  3  4  5  6  7 |
---------------+----------------------+-----
Earth Magic    | 4 5 6 7 |  7.8
Spellcasting   | 3 4 5 |  5.5
Dodging        | |  1.5
Stealth        | |  2.1
Transmutations | |  0.7

Action                   |  1- 3 |  4- 6 |  7- 9 || total
-------------------------+-------+-------+-------++-------
Melee: Unarmed           |     6 |       |       ||     6
 Cast: Sandblast         |    49 |    67 |    14 ||   130
Armor: Robe              |     9 |    10 |     5 ||    24
Dodge: Dodged            |     9 |    10 |    10 ||    29
